 Dungeon Crawl Stone Soup version 0.32-a0-933-ga8fa3634e4 (webtiles) character file.

Game seed: 14108160833649178740

681665 dcgchant the Pulveriser (level 27, -25/267 HPs)
             Began as a Gnoll Ice Elementalist on Apr 12, 2024.
             Was an Elder of Ashenzari.
             Killed from afar by an orb of fire (39 damage)
             ... with a fireball
             ... on level 5 of the Realm of Zot on Apr 14, 2024.
             The game lasted 06:35:12 (85565 turns).

dcgchant the Pulveriser (Gnoll Ice Elementalist)   Turns: 85565, Time: 06:35:12

Health: -25/267    AC: 35    Str: 14 (16) XL:     27
Magic:  5/49       EV: 24    Int: 10 (13) God:    Ashenzari [****..]
Gold:   9922       SH: 21    Dex: 16 (17) Spells: 3/70 levels left

rFire   + . .        F - +9 broad axe (elec)
rCold   + . .        h - +5 kite shield of Supernal Understanding {reflect, Melee, Dev} (curse)
rNeg    + + +        B - melded +3 steam dragon scales of Ashenzari's Yoke {Melee, Dev} (curse)
rPois   ∞            m - +2 hood of the Assassin {Detect Stab+ Stlth++, Elem, Comp} (curse)
rElec   +            T - scarf "Eternal Desperation" {shadows, Str+2 Slay+3, Dev, Fort} (curse)
rCorr   .            E - melded +0 pair of gloves of the Omniscient Augurer {rC+ rN+ Str+3 SInv, Cun, Elem} (curse)
SInv    +            N - melded +1 pair of boots of Ashenzari's Absolutism {Self, Comp} (curse)
Will    +++..        K - amulet of regeneration
Stlth   +++++        J - ring of the Riding Gods {rN++ Will+ Int-3 SInv Stlth+}
HPRegen 0.00/turn    x - ring "Enigmatic Kathenotheism" {rPois rF+ rC+, Cun, Self} (curse)
MPRegen 0.31/turn

%: reflection, clarity
@: statue-form, contaminated, inhibited regen, glowing, studying 3 skills,
unable to drink, very slow
A: slow and powerful, torment resistance 1, boosted hp, fangs 1, strong nose,
distributed training, hooves 1, (iridescent scales 1), deterioration 1, dopey 1,
frail 1, poison resistance, screaming 1, inhibited regeneration, teleportitis 1,
evolution 1, inability to drink after injury 2
}: 5/15 runes: barnacled, slimy, silver, abyssal, gossamer
a: Begin Untransformation, Renounce Religion, Curse Item, Shatter the Chains


You were on level 5 of the Realm of Zot.
You worshipped Ashenzari.
Ashenzari was greatly pleased with you.
You were a living statue of rough stone.
You visited 13 branches of the dungeon, and saw 57 of its levels.
You visited the Abyss 1 time.
You also visited: Bailey.

You collected 13020 gold pieces.
You spent 3098 gold pieces at shops.

Inventory:

Hand Weapons
 F - a +9 broad axe of electrocution (weapon)
Missiles
 f - 6 throwing nets
 i - 8 curare-tipped darts
 t - 54 poisoned darts
 y - 13 javelins
 I - 2 silver javelins
 L - 4 darts of dispersal
 Z - 10 atropa-tipped darts
Armour
 h - the cursed +5 kite shield of Supernal Understanding (worn) {reflect, Melee, Dev}
   (You took it off a tengu warrior on level 2 of the Depths)

   It has a curse which improves the following skills: Melee Combat: Short
   Blades, Long Blades, Axes, Maces & Flails, Polearms, Staves and Unarmed
   Combat.
   Devices:   Evocations and Shapeshifting.
 m - the cursed +2 hood of the Assassin (worn) {Detect Stab+ Stlth++, Elem, Comp}
   (You found it on level 5 of the Pits of Slime)

   Detect:    It allows the wearer to sense nearby creatures.
   Stab+:     It allows the wearer to make particularly effective stabbing
   attacks against helpless or unaware enemies with any weapon.
   Stlth++:   It makes you much more stealthy.
   It has a curse which improves the following skills: Elements: Fire Magic, Ice
   Magic, Air Magic and Earth Magic.
   Companions: Summonings and Necromancy.
 B - the cursed +3 steam dragon scales of Ashenzari's Yoke (melded) {Melee, Dev}
   (You found it on level 6 of the Dungeon)

   It has a curse which improves the following skills: Melee Combat: Short
   Blades, Long Blades, Axes, Maces & Flails, Polearms, Staves and Unarmed
   Combat.
   Devices:   Evocations and Shapeshifting.
 E - the cursed +0 pair of gloves of the Omniscient Augurer (melded) {rC+ rN+ Str+3 SInv, Cun, Elem}
   (You found it on level 1 of the Vaults)

   Str+3:     It affects your strength (+3).
   rC+:       It protects you from cold.
   rN+:       It protects you from negative energy.
   SInv:      It lets you see invisible.
   It has a curse which improves the following skills: Cunning: Dodging and
   Stealth.
   Elements:  Fire Magic, Ice Magic, Air Magic and Earth Magic.
 N - the cursed +1 pair of boots of Ashenzari's Absolutism (melded) {Self, Comp}
   (You found it on level 10 of the Dungeon)

   It has a curse which improves the following skills: Introspection: Fighting
   and Spellcasting.
   Companions: Summonings and Necromancy.
 T - the cursed scarf "Eternal Desperation" (worn) {shadows, Str+2 Slay+3, Dev, Fort}
   (You found it on level 1 of the Lair of Beasts)

   Str+2:     It affects your strength (+2).
   Slay+3:    It affects your accuracy & damage with ranged weapons and melee
   (+3).
   It has a curse which improves the following skills: Devices: Evocations and
   Shapeshifting.
   Fortitude: Armour and Shields.
Jewellery
 g - the ring of Sif Muna, Flying {rElec rC+ Will- rCorr EV+5}
   (You found it on level 3 of the Elven Halls)

   [ring of evasion]

   EV+5:      It affects your evasion (+5).
   rC+:       It protects you from cold.
   rElec:     It insulates you from electricity.
   Will-:     It decreases your willpower.
   rCorr:     It protects you from acid and corrosion.
 j - a ring of wizardry
 v - an amulet of magic regeneration
 x - the cursed ring "Enigmatic Kathenotheism" (right fist) {rPois rF+ rC+, Cun, Self}
   (You acquired it in a bailey)

   [ring of protection from fire]

   rF+:       It protects you from fire.
   rC+:       It protects you from cold.
   rPois:     It protects you from poison.
   It has a curse which improves the following skills: Cunning: Dodging and
   Stealth.
   Introspection: Fighting and Spellcasting.
 A - the ring of Disaster {Ice rCorr Str+3 Int+3 Dex+4}
   (You took it off Josephina on level 2 of the Crypt)

   [ring of ice]

   Ice:       It enhances your ice magic.
   Str+3:     It affects your strength (+3).
   Int+3:     It affects your intelligence (+3).
   Dex+4:     It affects your dexterity (+4).
   rF-:       It makes you vulnerable to fire.
   rC+:       It protects you from cold.
   rCorr:     It protects you from acid and corrosion.
 J - the ring of the Riding Gods (left fist) {rN++ Will+ Int-3 SInv Stlth+}
   (You took it off a vault warden on level 5 of the Vaults)

   [ring of willpower]

   Int-3:     It affects your intelligence (-3).
   rN++:      It greatly protects you from negative energy.
   Will+:     It increases your willpower.
   SInv:      It lets you see invisible.
   Stlth+:    It makes you more stealthy.
 K - an amulet of regeneration (around neck)
Talismans
 k - a granite talisman (active)
Wands
 b - a wand of polymorph (34)
 r - a wand of mindburst (36)
 P - a wand of acid (17)
 U - a wand of paralysis (40)
 W - a wand of digging (19)
 X - a wand of roots (35)
Scrolls
 a - 13 scrolls of vulnerability
 d - 5 scrolls of fog
 s - 6 scrolls of fear
 u - 4 scrolls of revelation
 D - 22 scrolls of teleportation
 Q - a scroll of summoning
Potions
 e - 11 potions of haste
 l - 3 potions of invisibility
 n - 10 potions of ambrosia
 o - 11 potions of might
 p - 3 potions of cancellation
 q - 2 potions of magic
 w - 6 potions of resistance
 z - 9 potions of enlightenment
 G - a potion of lignification
 H - 15 potions of curing
 M - 3 potions of heal wounds
 S - 16 potions of brilliance
Miscellaneous
 c - a phantom mirror
 O - the horn of Geryon
 R - a box of beasts
 V - a condenser vane
 Y - a lightning rod (4/4)


   Skills:
 + Level 20.0(21.6) Fighting
 + Level 20.0(21.6) Short Blades
 + Level 20.0(21.6) Long Blades
 + Level 20.0(21.6) Axes
 + Level 21.3(22.8) Maces & Flails
 + Level 20.0(21.6) Polearms
 + Level 22.6(24.1) Staves
 + Level 22.6 Ranged Weapons
 + Level 20.0 Throwing
 + Level 20.0(21.6) Armour
 + Level 20.4(22.0) Dodging
 + Level 20.4(22.0) Stealth
 + Level 20.0(21.6) Shields
 + Level 20.0(21.6) Unarmed Combat
 + Level 20.5(22.1) Spellcasting
 + Level 17.1 Conjurations
 + Level 17.1 Hexes
 + Level 17.1(18.8) Summonings
 + Level 17.1(18.8) Necromancy
 + Level 17.1 Translocations
 + Level 17.1(18.8) Fire Magic
 + Level 18.3(20.0) Ice Magic
 + Level 17.1(18.8) Air Magic
 + Level 17.1(18.8) Earth Magic
 + Level 17.1 Alchemy
 + Level 21.6 Invocations
 + Level 20.0(22.4) Evocations
 + Level 18.5(21.0) Shapeshifting


You had 3 spell levels left.
You knew the following spells:

 Your Spells              Type           Power      Damage    Failure   Level
a - Passwall              Erth           48%        N/A       0%          3
b - Frozen Ramparts       Ice            100%       1d16      0%          3
c - Ozocubu's Armour      Ice            50%        N/A       0%          3
d - Orb of Destruction    Conj           22%        9d8       3%          7
f - Mephitic Cloud        Conj/Alch/Air  46%        N/A       0%          3
g - Freezing Cloud        Conj/Ice/Air   24%        6-21      1%          5
h - Vhi's Electric Charg  Tloc/Air       94%        N/A       1%          4
i - Bombard               Conj/Erth      23%        9d4       1%          6
j - Olgreb's Toxic Radia  Alch           45%        N/A       1%          4
k - Ignite Poison         Fire/Alch      47%        N/A       1%          4
l - Irradiate             Conj/Alch      22%        3d19      1%          5
m - Airstrike             Air            24%        2d(4-20)  1%          4
n - Ozocubu's Refrigerat  Ice            25%        4d13      1%          7
o - Permafrost Eruption   Ice/Erth       24%        2x4d6     1%          6
p - Dazzling Flash        Conj/Hex       90%        N/A       0%          3

Your spell library contained the following spells:

 Spells                   Type           Power      Damage    Failure   Level
 Foxfire                  Conj/Fire      100%       2x1d9     0%          1
 Freeze                   Ice            100%       1d10      0%          1
 Necrotise                Necr           100%       1d9       0%          1
 Shock                    Conj/Air       100%       1d9       0%          1
 Slow                     Hex            100%       N/A       0%          1
 Summon Small Mammal      Summ           100%       N/A       0%          1
 Blink                    Tloc           90%        N/A       0%          2
 Ensorcelled Hibernation  Hex/Ice        96%        N/A       0%          2
 Lesser Beckoning         Tloc           90%        N/A       0%          2
 Mercury Vapours          Alch/Air       94%        N/A       0%          2
 Momentum Strike          Conj/Tloc      90%        3d10      0%          2
 Scorch                   Fire           96%        2d9       0%          2
 Static Discharge         Conj/Air       94%        3-7/arc   0%          2
 Confusing Touch          Hex            45%        N/A       0%          3
 Fugue of the Fallen      Necr           48%        N/A       0%          3
 Hailstorm                Conj/Ice       48%        3d10      0%          3
 Inner Flame              Hex/Fire       47%        N/A       0%          3
 Summon Ice Beast         Ice/Summ       49%        N/A       0%          3
 Swiftness                Air            48%        N/A       0%          3
 Teleport Other           Tloc           45%        N/A       0%          3
 Vampiric Draining        Necr           48%        2d9       0%          3
 Volatile Blastmotes      Fire/Tloc      94%        2d17      0%          3
 Animate Armour           Summ/Erth      96%        N/A       1%          4
 Brom's Barrelling Bould  Conj/Erth      47%        2d6       1%          4
 Flame Wave               Conj/Fire      47%        2d12      1%          4
 Fulminant Prism          Conj/Alch      22%        3d12      1%          4
 Iskenderun's Mystic Bla  Conj/Tloc      45%        2d10      (+2d51%     4
 Martyr's Knell           Necr/Summ      48%        N/A       1%          4
 Passage of Golubria      Tloc           45%        N/A       1%          4
 Petrify                  Alch/Erth      47%        N/A       1%          4
 Sticky Flame             Fire/Alch      47%        2d9       1%          4
 Summon Blazeheart Golem  Fire/Summ      48%        N/A       1%          4
 Summon Lightning Spire   Summ/Air       48%        N/A       1%          4
 Arcjolt                  Conj/Air       23%        1d33      1%          5
 Curse of Agony           Necr           48%        N/A       1%          5
 Fireball                 Conj/Fire      23%        3d11      1%          5
 Iskenderun's Battlesphe  Conj           45%        2d10      1%          5
 Silence                  Hex/Air        23%        N/A       1%          5
 Summon Forest            Summ/Tloc      23%        N/A       1%          5
 Conjure Ball Lightning   Conj/Air       23%        3x3d6     1%          6
 Dispersal                Tloc           22%        N/A       1%          6
 Eringya's Noxious Bog    Alch           22%        4d6       1%          6
 Gell's Gavotte           Tloc           22%        2d(21-31) 1%          6
 Plasma Beam              Fire/Air       24%        2x1d36    1%          6
 Sculpt Simulacrum        Ice/Alch       24%        N/A       1%          6
 Starburst                Conj/Fire      23%        6d8       1%          6
 Summon Cactus Giant      Summ           24%        N/A       1%          6
 Haunt                    Necr/Summ      24%        N/A       1%          7
 Summon Hydra             Summ           24%        N/A       1%          7
 Malign Gateway           Summ/Tloc      23%        N/A       2%          7
 Spellforged Servitor     Conj/Summ      23%        N/A       2%          7
 Manifold Assault         Tloc           22%        N/A       3%          7
 Borgnjor's Revivificati  Necr           24%        N/A       14%         8
 Summon Horrible Things   Summ           24%        N/A       14%         8
 Lehudib's Crystal Spear  Conj/Erth      23%        10d7      21%         8
 Discord                  Hex            22%        N/A       28%         8
 Polar Vortex             Ice            25%        12d3*     80%         9
 Death's Door             Necr           24%        N/A       92%         9
 Shatter                  Erth           24%        3d21*     92%         9
 Chain Lightning          Conj/Air       23%        3d31      97%         9
 Fire Storm               Conj/Fire      23%        8d6       97%         9
 Sublimation of Blood     Necr           Unusable   N/A       N/A         2

Dungeon Overview and Level Annotations

Branches:
Dungeon (15/15) Zot: 20454  Temple (1/1) D:6 Zot: 5954    Lair (5/5) D:9 Zot: 20957
 Shoals (4/4) Lair:3 Zot: 17785  Spider (4/4) Lair:3 Zot: 17752   Slime (5/5) Lair:4 Zot: 24300
    Orc (2/2) D:10 Zot: 9126     Elf (3/3) Orc:2 Zot: 10338  Vaults (5/5) D:14 Zot: 16113
  Crypt (3/3) Vaults:2 Zot: 11829    Tomb (0/3) Crypt:3      Depths (4/4) D:15 Zot: 9838
   Hell (visited)             Dis (0/7) Hell            Geh (0/7) Hell
    Coc (0/7) Hell            Tar (0/7) Hell            Zot (5/5) Depths:4 Zot: 22501
 Bailey (visited)

Altars:
Ashenzari
Cheibriados
Dithmenos
Elyvilon
Fedhas
Gozag
Hepliaklqana
Kikubaaqudgha
Makhleb
Nemelex Xobeh
Okawaru
Qazlal
Ru
Sif Muna
Trog
Uskayaw
Vehumet
Wu Jian
Xom
Yredelemnul
Zin
The Shining One
Beogh
Jiyva
Lugonu

Shops:
D:9 ?   D:10 !   D:12 *   Orc:2 =((*   Elf:3 [   Vaults:2 [   Depths:1 *

Portals:
Hell: Depths:1 Depths:2 Depths:3 Depths:4
Abyss: Shoals:2 Depths:3
Pandemonium: Depths:2 Depths:3 Depths:4
Ziggurat: Depths:3

Annotations:
D:6 3 runed translucent doors, joemur96's ghost, novice DsBe
D:7 2 transporters, gamers12's ghost, weakling MDFi
Shoals:2 2 runed translucent doors, BubbleThief's ghost, adept NaAl
Elf:1 6 runed translucent doors
Vaults:1 2 runed translucent doors, Mipp's ghost, adept GnHW
Vaults:4 2 transporters, exclusion: orange crystal statue


Innate Abilities, Weirdness & Mutations

You are a living statue of rough stone.
Your actions are slow, but your melee attacks are powerful.
You are resistant to unholy torment.
Your maximum health is greatly increased.
Your equipment is partially melded.
You are immune to poison.
You have very sharp teeth.
Your uncanny sense of smell can sniff out nearby items.
Your experience applies equally to all skills.
You have large cloven feet.
((You are partially covered in iridescent scales. (AC +2)))
Your body sometimes deteriorates upon taking damage.
You are dopey. (Int -2)
You are frail. (-10% HP)
Your system is resistant to poisons. (rPois)
You occasionally shout uncontrollably at your foes.
You do not regenerate when monsters are visible.
You are occasionally teleported next to monsters.
You have hidden genetic potential.
You sometimes lose the ability to drink potions when taking damage.


Message History

The orb of fire emits a lurid red light.
The fireball explodes!
The fireball engulfs you!!! You resist.
The fireball engulfs the orb of fire.
The orb of fire completely resists.
The fireball engulfs the orb of fire.
The orb of fire completely resists.
The orb of fire emits a lurid red light.
The bolt of fire hits you! You resist.
Unknown command.
Casting: Irradiate (safe; 1% risk of failure)
Confirm with . or Enter, or press ? or * to list all spells.
You erupt in a fountain of uncontrolled magic!
The orb of fire is blasted with magical radiation!!
The orb of fire is severely damaged.
The orb of fire is blasted with magical radiation!!
The orb of fire is almost destroyed.
The orb of fire emits a lurid red light.
The fireball explodes!
The fireball engulfs you!! You resist.
* * * LOW HITPOINT WARNING * * *
The fireball engulfs the orb of fire.
The orb of fire completely resists.
The fireball engulfs the orb of fire.
The orb of fire completely resists.
The orb of fire glows red.
The fireball explodes!
The fireball engulfs you! You resist.
* * * LOW HITPOINT WARNING * * *
The fireball engulfs the orb of fire.
The orb of fire completely resists.
The fireball engulfs the orb of fire.
The orb of fire completely resists.
Unknown command.
Unknown command.
Unknown command.
Casting: Irradiate (safe; 1% risk of failure)
Confirm with . or Enter, or press ? or * to list all spells.
You erupt in a fountain of uncontrolled magic!
The orb of fire is blasted with magical radiation!
The orb of fire is severely damaged.
The orb of fire is blasted with magical radiation!!
The orb of fire is almost destroyed.
The orb of fire glows deep purple.
The bolt of fire hits you!! You resist.
* * * LOW HITPOINT WARNING * * *
The orb of fire glows bright magenta.
The fireball explodes!
The fireball engulfs you!!! You resist.
You die...

...............# ##...........##
...............# #...........#
.?.............# ##...........##
.....)p........# #.............#
..........^....# ##.............#
○..............###^..............
.....p........###...###########..
..........^..##.*..## ##.
..$p.......°.☼§*I### ##
...ß##▓▓▓▓▓▓▓▓▓▓▓#
....$..,{{,,,****
.......,,,,,,,,,*** *
.....^..,,,,,,,,,,** **
........,,,,,,,,,,,* ********* *^
.......,,,^,,,,,,^,***,^,,,,,***,
,,,,,,,,,,,,,,,,,,,**,,,,,,,,,**,
^,,,,,,,,,,,,,,,,,,*,,,,, ,,^,*,


You could see 2 orbs of fire.

Vanquished Creatures
  the Royal Jelly (Slime:5)
  3 ancient liches
  A dread lich (Crypt:3)
  A juggernaut (Depths:3)
  4 orbs of fire
  Josephina (Crypt:2)
  Xtahua (Vaults:2)
  Sojobo (Depths:4)
  Boris (4 times) (Vaults:1 Vaults:2 Crypt:1 Crypt:3)
  Bai Suzhen (Spider:4)
  3 Killer Klowns (Zot:5)
  Margery (Vaults:4)
  Geryon (Hell)
  A caustic shrike (Depths:2)
  3 curse toes
  7 golden dragons
  2 bone dragons
  The ghost of Heqikakk the Imperceptible, a veteran KoBr of Wu Jian (Crypt:2)
  A profane servitor (Abyss:4)
  Arachne (Spider:2)
  An electric golem (Zot:5)
  A hellephant (Vaults:4)
  Rupert (D:14)
  23 tentacled monstrosities
  Zenata (Vaults:2)
  5 liches
  A walking earthen tome (Depths:2)
  4 titans (Vaults:5)
  8 quicksilver dragons
  Asterion (Elf:1)
  10 Orb Guardians (Zot:5)
  5 deep elf master archers (Elf:3)
  23 acid blobs
  3 deep elf blademasters
  12 death cobs
  Murray (Depths:2)
  4 tentacled starspawn
  7 sphinxes
  3 ancient champions
  An Executioner (Abyss:3)
  A kraken (Abyss:4)
  7 shadow dragons
  Donald (Crypt:2)
  15 storm dragons
  10 tengu reavers
  19 rockslimes
  The ghost of Vegox the Rapturous, an adept MiHs of Uskayaw (Depths:4)
  A revenant (Hell)
  Roxanne (Spider:4)
  3 protean progenitors
  12 fire giants
  2 draconian knights
  17 vault wardens
  6 ghost moths
  11 azure jellies
  4 draconian monks
  Ilsuiw (Shoals:4)
  7 emperor scorpions (Spider:4)
  13 frost giants
  3 balrugs
  4 deep elf sorcerers
  3 draconian shifters
  6 deep elf elementalists (Elf:3)
  5 draconian scorchers
  A cacodemon (Depths:4)
  3 ghouls
  A juggernaut zombie (Crypt:3)
  24 ironbound preservers
  9 reapers
  2 draconian annihilators
  12 quicksilver oozes
  A curse skull (Crypt:3)
  5 draconian stormcallers
  15 very ugly things
  4 spriggan defenders
  18 stone giants
  5 vampire knights
  3 broodmothers
  4 formless jellyfish
  10 ironbound thunderhulks
  4 green draconians
  8 deep elf death magi
  6 deep elf annihilators
  3 black draconians
  10 deep elf demonologists
  16 dire elephants
  6 purple draconians
  4 war gargoyles
  4 eidola
  6 white draconians
  5 red draconians
  3 spark wasps
  6 yellow draconians
  11 merfolk impalers
  3 merfolk javelineers
  4 crystal guardians
  A green death (Abyss:3)
  18 ettins
  A shambling mangrove (Abyss:4)
  An iron golem (Depths:2)
  An entropy weaver (shapeshifter) (D:15)
  11 fire dragons
  7 entropy weavers
  5 deep elf high priests
  9 yaktaur captains
  5 rakshasas
  A fenstrider witch zombie (Crypt:3)
  15 great orbs of eyes
  31 vault guards
  9 hydras
  5 ogre magi
  10 ice dragons
  2 spriggan skeletons (Crypt:3)
  2 caustic shrike simulacra (Hell)
  An alligator snapping turtle (Shoals:4)
  5 spriggan air magi
  Erica (D:8)
  2 ghost crabs (Abyss:4)
  A satyr (Shoals:3)
  16 ironbound frosthearts
  A catoblepas (D:15)
  17 two-headed ogres
  3 radroaches
  24 centaur warriors
  A death knight (Crypt:1)
  4 boulder beetles
  37 dancing weapons
  4 merfolk avatars
  3 peacekeepers
  10 merfolk aquamancers
  6 death yaks (Lair:5)
  8 deep troll shamans
  9 deep troll earth magi
  A titan zombie (Crypt:3)
  3 orc high priests
  6 vampire magi
  3 spriggan berserkers
  7 tengu warriors
  12 demonic crawlers
  A quicksilver ooze zombie (Crypt:1)
  A thrashing horror (Abyss:3)
  12 sun demons
  2 titan skeletons
  8 occultists
  20 deep elf knights
  Sonja (D:10)
  22 hell knights
  3 fire crabs
  A shadow wraith (Crypt:2)
  2 wretched stars (Abyss:3)
  5 soul eaters
  Amaemon (D:9)
  A goliath frog (shapeshifter) (Abyss:3)
  31 skeletal warriors
  13 iron trolls
  4 pharaoh ants
  A sixfirhy (Abyss:2)
  5 sea snakes
  13 glowing orange brains
  6 orb spiders (Spider:4)
  15 deep elf archers
  3 bog bodies
  A bunyip zombie (Crypt:2)
  2 flayed ghosts
  3 sun moths
  2 orange crystal statues
  A wolf spider zombie (D:15)
  78 deep trolls
  A shadow demon (Depths:3)
  9 arcanists
  A glowing orange brain (shapeshifter) (Vaults:5)
  An iron giant zombie (Crypt:3)
  2 spriggan simulacra (Crypt:2)
  7 thermic dynamos
  3 orc knights
  23 ironbound convokers
  8 phantasmal warriors
  28 harpies
  11 large abominations
  Pikel (D:5)
  22 wolf spiders
  10 lindwurms
  2 obsidian bats
  43 deep elf zephyrmancers
  An anaconda skeleton (Crypt:3)
  5 steelbarb worms
  37 deep elf pyromancers
  7 orc sorcerers
  34 ugly things
  A will-o-the-wisp (Abyss:3)
  7 shining eyes
  A stone giant zombie (Vaults:3)
  10 cyclopes
  10 necromancers
  25 moths of wrath
  2 oklob plants (Lair:3)
  16 manticores
  2 worldbinders (Abyss:3)
  A manticore (shapeshifter) (Vaults:5)
  A moth of wrath (shapeshifter) (Vaults:5)
  3 shining eyes (shapeshifter) (Vaults:5)
  15 elephants
  2 stone giant skeletons
  5 fauns (Shoals:2)
  6 meliai
  15 merfolk sirens
  2 rust devils
  4 black mambas
  4 apocalypse crabs
  Joseph (D:8)
  2 kobold blastminers (Orc:1)
  22 vault sentinels
  12 torpor snails
  7 water nymphs
  An eye of devastation (shapeshifter) (Elf:1)
  2 eyes of devastation
  A centaur skeleton (D:15)
  14 cane toads
  7 smoke demons
  2 unseen horrors (D:11)
  A white draconian zombie (Crypt:2)
  Jeremiah (D:7)
  An orange demon (D:9)
  5 hellions
  2 dire elephant skeletons
  4 gargoyles (Crypt:3)
  A bunyip simulacrum (Crypt:2)
  A yellow draconian zombie (Crypt:1)
  4 rime drakes
  A kobold demonologist (D:11)
  2 efreet
  7 freezing wraiths
  9 komodo dragons
  Psyche (D:8)
  33 yaktaurs
  An ice devil (Depths:2)
  2 tengu conjurers
  3 tormentors
  5 ancient zymes
  37 merfolk
  A red devil (Depths:2)
  7 tyrant leeches
  2 guardian mummies (Crypt:3)
  A great orb of eyes zombie (Crypt:2)
  A harpy zombie (Crypt:3)
  17 tarantellas
  2 harpy skeletons (Crypt:3)
  13 trolls
  A wolf spider simulacrum (D:15)
  10 wind drakes
  An alligator simulacrum (Hell)
  22 jumping spiders
  8 hornets
  A raiju (shapeshifter) (Depths:2)
  9 snapping turtles
  3 raiju (Abyss:3)
  4 glass eyes
  22 blink frogs
  3 dream sheep (Lair:5)
  A snapping turtle (shapeshifter) (Depths:2)
  A human simulacrum (Vaults:3)
  99 slime creatures
  An air elemental (Elf:1)
  An ettin zombie (Vaults:3)
  3 shadows
  5 small abominations (Abyss:3)
  A centaur simulacrum (Hell)
  2 wyverns
  12 water elementals
  12 wraiths
  An ushabti (Crypt:3)
  22 culicivoras
  3 fire bats (Abyss:3)
  An ettin skeleton (Crypt:3)
  A fire bat (shapeshifter) (D:15)
  6 steam dragons
  50 yaks
  2 vampires
  6 basilisks
  A human (D:14)
  3 golden eyes (Slime:2)
  8 starcursed masses
  A basilisk (shapeshifter) (Elf:3)
  64 redbacks
  A yaktaur simulacrum (Vaults:3)
  A wind drake skeleton (Crypt:1)
  A hog (shapeshifter) (Elf:3)
  5 wargs
  Grum (D:8)
  5 fire elementals
  8 vampire mosquitoes
  3 harpy simulacra
  2 chaos spawn (Abyss:3)
  Menkaure (D:6)
  Edmund (D:4)
  19 water moccasins
  3 hell hounds (Hell)
  A hydra simulacrum (Hell)
  A redback (shapeshifter) (Vaults:5)
  2 naga skeletons (Crypt:3)
  33 orc warriors
  2 black mamba simulacra
  13 laughing skulls
  3 sky beasts (D:7)
  4 ice beasts
  7 boggarts
  11 wolves
  27 ogres
  21 centaurs
  A lindwurm skeleton (Crypt:1)
  A blink frog zombie (Crypt:2)
  2 lemures (D:5)
  3 phantoms
  A blink frog skeleton (Crypt:1)
  3 kobold brigands
  3 weeping skulls
  A brain worm (shapeshifter) (D:13)
  8 bullfrogs
  2 scorpions
  2 earth elementals
  10 wights
  A cyclops skeleton (Crypt:2)
  5 killer bees (D:9)
  10 electric eels
  A troll skeleton (Crypt:2)
  5 howler monkeys
  2 bombardier beetles (D:5)
  A quasit (Abyss:3)
  3 jellies
  4 hounds
  Crazy Yiuf (D:2)
  5 orc priests
  3 iguanas
  19 orc wizards
  A sleepcap (D:6)
  2 killer bee zombies (Crypt:1)
  A brain worm zombie (Crypt:1)
  A sky beast zombie (Crypt:1)
  6 mummies (Crypt:3)
  Robin (D:2)
  13 gnolls
  9 adders
  A shadow imp (D:7)
  2 ufetubi
  A jelly zombie (Crypt:1)
  5 dart slugs
  91 orcs
  6 ball pythons
  7 endoplasms
  5 giant cockroaches
  25 goblins
  16 hobgoblins
  2 jackals (D:5)
  3 quokkas
  A ball python zombie (Crypt:1)
  A bat (D:1)
  5 frilled lizards
  15 kobolds
  9 rats
  A rat zombie (Crypt:2)
  A spectral orc (D:5)
  A creeping inferno (Hell)
  2 starspawn tentacles (Abyss:3)
  3 tentacles (Abyss:4)
2625 creatures vanquished.

Vanquished Creatures (collateral kills)
  A rockslime (Slime:5)
  A hydra (Lair:2)
  A dancing weapon (Elf:2)
  Grinder (D:4)
  A wolf (D:8)
  A kobold brigand (D:8)
  A wight (D:4)
  An orc wizard (D:4)
  Ijyb (D:3)
  A gnoll (D:8)
  2 orcs
  An endoplasm (D:4)
13 creatures vanquished.

Vanquished Creatures (others)
  A storm dragon (Depths:4)
  A fire giant (Depths:3)
  A reaper (Hell)
  2 deep elf knights (Elf:2)
  An apocalypse crab (Abyss:4)
  An ettin skeleton (Abyss:4)
  A sky beast (D:7)
  A small abomination (Abyss:3)
  A killer bee (D:9)
  An ufetubus (Abyss:3)
  A kobold (D:8)
  A bat (D:1)
  A butterfly (D:6)
  135 foxfires
  A lurking horror (Abyss:3)
  5 starspawn tentacles
  A tentacle (Abyss:4)
156 creatures vanquished.

Grand Total: 2794 creatures vanquished

Notes
Turn   | Place    | Note
-------+----------+-------------------------------------------
     0 | D:1      | dcgchant the Gnoll Ice Elementalist began the quest for the
                  | Orb.
     0 | D:1      | Reached XP level 1. HP: 13/13 MP: 6/6
   127 | D:1      | Reached XP level 2. HP: 19/19 MP: 7/7
   297 | D:1      | Reached skill level 5 in Spellcasting
   297 | D:1      | Reached XP level 3. HP: 25/25 MP: 5/9
   353 | D:1      | Found a faded altar of an unknown god.
   507 | D:1      | Learned a level 3 spell: Frozen Ramparts
   511 | D:1      | Learned a level 3 spell: Ozocubu's Armour
   515 | D:1      | Learned a level 3 spell: Summon Ice Beast
   696 | D:1      | Reached skill level 1 in Invocations
   989 | D:2      | Found a runed translucent door.
   990 | D:2      | Noticed Crazy Yiuf
  1145 | D:2      | Noticed Robin
  1150 | D:2      | Killed Robin
  1151 | D:2      | Reached skill level 1 in Fighting
  1151 | D:2      | Reached skill level 1 in Short Blades
  1151 | D:2      | Reached skill level 1 in Long Blades
  1151 | D:2      | Reached skill level 1 in Axes
  1151 | D:2      | Reached skill level 1 in Maces & Flails
  1151 | D:2      | Reached skill level 1 in Polearms
  1151 | D:2      | Reached skill level 1 in Staves
  1151 | D:2      | Reached skill level 1 in Ranged Weapons
  1151 | D:2      | Reached skill level 1 in Throwing
  1151 | D:2      | Reached skill level 1 in Armour
  1151 | D:2      | Reached skill level 1 in Shields
  1151 | D:2      | Reached skill level 1 in Unarmed Combat
  1151 | D:2      | Reached skill level 1 in Evocations
  1172 | D:2      | Reached skill level 1 in Shapeshifting
  1172 | D:2      | Reached XP level 4. HP: 30/32 MP: 2/11
  1847 | D:2      | Killed Crazy Yiuf
  1848 | D:2      | Reached skill level 1 in Conjurations
  1848 | D:2      | Reached skill level 1 in Hexes
  1848 | D:2      | Reached skill level 1 in Summonings
  1848 | D:2      | Reached skill level 1 in Necromancy
  1848 | D:2      | Reached skill level 1 in Translocations
  1848 | D:2      | Reached skill level 1 in Fire Magic
  1848 | D:2      | Reached skill level 1 in Air Magic
  1848 | D:2      | Reached skill level 1 in Earth Magic
  1848 | D:2      | Reached skill level 1 in Alchemy
  2016 | D:3      | Found an opulent altar of Gozag.
  2022 | D:3      | Noticed Ijyb
  2040 | D:3      | Killed Ijyb
  2041 | D:3      | Reached XP level 5. HP: 7/37 MP: 12/12
  2471 | D:4      | Reached skill level 5 in Dodging
  2471 | D:4      | Reached XP level 6. HP: 13/44 MP: 14/14
  2817 | D:4      | Reached XP level 7. HP: 39/51 MP: 13/15
  2863 | D:4      | Learned a level 1 spell: Foxfire
  2940 | D:4      | Noticed Edmund
  2955 | D:4      | Killed Edmund
  2956 | D:4      | Reached skill level 5 in Stealth
  3091 | D:4      | Noticed Grinder
  3115 | D:4      | Killed Grinder
  3239 | D:5      | Entered Level 5 of the Dungeon
  3246 | D:5      | Reached XP level 8. HP: 58/58 MP: 13/16
  3820 | D:5      | Noticed Pikel
  3843 | D:5      | Killed Pikel
  3844 | D:5      | Reached XP level 9. HP: 55/65 MP: 15/18
  4076 | D:5      | Found a basalt altar of Yredelemnul.
  4466 | D:6      | Reached skill level 5 in Invocations
  4473 | D:6      | Found a staircase to the Ecumenical Temple.
  4490 | Temple   | Entered the Ecumenical Temple
  4513 | Temple   | Became a worshipper of Ashenzari the Shackled
  4618 | D:6      | Noticed Menkaure
  4628 | D:6      | Killed Menkaure
  5101 | D:6      | Found a runed translucent gate.
  5101 | D:6      | Found a runed translucent gate.
  5104 | D:6      | Found a runed translucent gate.
  5104 | D:6      | Found an opulent altar of Gozag.
  5105 | D:6      | Noticed joemur96's ghost (novice DsBe)
  5216 | D:6      | Found a white marble altar of Elyvilon.
  5390 | D:7      | Noticed a moth of wrath
  5406 | D:7      | Noticed gamers12's ghost (weakling MDFi)
  5528 | D:7      | Reached skill level 5 in Fighting
  5528 | D:7      | Reached skill level 5 in Short Blades
  5528 | D:7      | Reached skill level 5 in Long Blades
  5528 | D:7      | Reached skill level 5 in Axes
  5528 | D:7      | Reached skill level 5 in Maces & Flails
  5528 | D:7      | Reached skill level 5 in Polearms
  5528 | D:7      | Reached skill level 5 in Staves
  5528 | D:7      | Reached skill level 5 in Ranged Weapons
  5528 | D:7      | Reached skill level 5 in Throwing
  5528 | D:7      | Reached skill level 5 in Armour
  5528 | D:7      | Reached skill level 5 in Shields
  5528 | D:7      | Reached skill level 5 in Unarmed Combat
  5528 | D:7      | Reached skill level 5 in Evocations
  5528 | D:7      | Reached XP level 10. HP: 64/74 MP: 14/20
  5534 | D:7      | Noticed Jeremiah
  5556 | D:7      | Killed Jeremiah
  5719 | D:7      | Upgraded the game from 0.32-a0-918-g0f22ef8d61 to
                  | 0.32-a0-928-g1cae6b7ea0
  5755 | D:7      | Found a snail-covered altar of Cheibriados.
  5964 | D:7      | Found a transporter.
  5964 | D:7      | Found a transporter.
  5974 | D:7      | Found a bloodstained altar of Trog.
  5992 | D:7      | Reached * piety under Ashenzari
  6123 | D:7      | Learned a level 3 spell: Mephitic Cloud
  6129 | D:7      | Learned a level 5 spell: Freezing Cloud
  6246 | D:7      | Found an iron altar of Okawaru.
  6427 | D:8      | Noticed Grum
  6436 | D:8      | Reached skill level 5 in Shapeshifting
  6436 | D:8      | Killed Grum
  6446 | D:8      | Killed Psyche
  6470 | D:8      | Found a flagged portal.
  6478 | Bailey   | Entered a bailey
  6817 | Bailey   | Identified a scroll of acquirement
  6821 | Bailey   | Acquired the ring "Xibba" {rPois rF+ rC+}
  6977 | Bailey   | Found an iron altar of Okawaru.
  6977 | Bailey   | Noticed an orc high priest
  6977 | Bailey   | Noticed an orc sorcerer
  6980 | Bailey   | Killed an orc sorcerer
  6981 | Bailey   | Reached skill level 5 in Conjurations
  6981 | Bailey   | Reached skill level 5 in Hexes
  6981 | Bailey   | Reached skill level 5 in Summonings
  6981 | Bailey   | Reached skill level 5 in Necromancy
  6981 | Bailey   | Reached skill level 5 in Translocations
  6981 | Bailey   | Reached skill level 5 in Fire Magic
  6981 | Bailey   | Reached skill level 5 in Air Magic
  6981 | Bailey   | Reached skill level 5 in Earth Magic
  6981 | Bailey   | Reached skill level 5 in Alchemy
  6981 | Bailey   | Reached XP level 11. HP: 83/83 MP: 10/23
  6983 | Bailey   | Killed an orc high priest
  7314 | D:8      | Reached XP level 12. HP: 92/92 MP: 23/25
  7640 | D:8      | Reached ** piety under Ashenzari
  7924 | D:8      | Noticed Erica
  7928 | D:8      | Killed Erica
  7958 | D:8      | Noticed Joseph
  7967 | D:8      | Killed Joseph
  8994 | D:9      | Found Xerhuyvi's Magic Scroll Emporium.
  9021 | D:9      | Bought a scroll of summoning for 114 gold pieces
  9021 | D:9      | Bought a scroll of blinking for 90 gold pieces
  9021 | D:9      | Bought a scroll of teleportation for 36 gold pieces
  9140 | D:9      | Found a staircase to the Lair.
  9238 | D:9      | Noticed Amaemon
  9245 | D:9      | Killed Amaemon
  9525 | D:9      | Found a hazy altar of Hepliaklqana.
  9935 | D:10     | Entered Level 10 of the Dungeon
  9966 | Lair:1   | Entered Level 1 of the Lair of Beasts
 10232 | Lair:1   | Identified the +9 mace of Konetana {elec, rC++}
 10491 | Lair:1   | Identified the scarf of Conscience {shadows, Str+2 Slay+3}
 10543 | Lair:1   | Reached XP level 13. HP: 98/98 MP: 18/26
 11124 | Lair:2   | Found the +3 Mad Mage's Maulers {Infuse+∞ VampMP -Cast}
 11258 | Lair:2   | Reached skill level 10 in Ice Magic
 11818 | Lair:2   | Reached skill level 10 in Spellcasting
 12057 | Lair:3   | Found a staircase to the Shoals.
 12448 | Lair:3   | Reached skill level 10 in Dodging
 12685 | Lair:3   | Found a hole to the Spider Nest.
 12950 | Lair:3   | Reached skill level 10 in Stealth
 13882 | Lair:4   | Reached XP level 14. HP: 110/110 MP: 26/29
 13917 | Lair:4   | Reached skill level 10 in Invocations
 14004 | Lair:4   | You fall into a shaft and drop 1 floor!
 14004 | Lair:5   | Entered Level 5 of the Lair of Beasts
 14887 | Lair:4   | Found a staircase to the Slime Pits.
 15199 | Lair:5   | Identified the +2 flail of Compassion {spect, ^Fragile
                  | rElec rPois rN+}
 15634 | Lair:5   | Noticed a dire elephant
 15646 | Lair:5   | Killed a dire elephant
 16625 | Lair:5   | Reached skill level 10 in Fighting
 16625 | Lair:5   | Reached skill level 10 in Short Blades
 16625 | Lair:5   | Reached skill level 10 in Long Blades
 16625 | Lair:5   | Reached skill level 10 in Axes
 16625 | Lair:5   | Reached skill level 10 in Maces & Flails
 16625 | Lair:5   | Reached skill level 10 in Polearms
 16625 | Lair:5   | Reached skill level 10 in Staves
 16625 | Lair:5   | Reached skill level 10 in Ranged Weapons
 16625 | Lair:5   | Reached skill level 10 in Throwing
 16625 | Lair:5   | Reached skill level 10 in Armour
 16625 | Lair:5   | Reached skill level 10 in Shields
 16625 | Lair:5   | Reached skill level 10 in Unarmed Combat
 16625 | Lair:5   | Reached skill level 10 in Evocations
 16637 | Lair:5   | Reached *** piety under Ashenzari
 16678 | Lair:5   | Reached XP level 15. HP: 119/119 MP: 23/31
 17294 | D:10     | Found a bloodstained altar of Trog.
 17294 | D:10     | Found a glowing silver altar of Zin.
 17294 | D:10     | Noticed Sonja
 17401 | D:10     | Found a staircase to the Orcish Mines.
 17509 | D:10     | Killed Sonja
 17672 | D:10     | Found Otih Ram's Distillery.
 17676 | D:10     | Bought a potion of curing for 42 gold pieces
 17676 | D:10     | Bought a potion of heal wounds for 70 gold pieces
 17676 | D:10     | Bought a potion of haste for 140 gold pieces
 17676 | D:10     | Bought a potion of haste for 140 gold pieces
 17676 | D:10     | Bought a potion of curing for 42 gold pieces
 17676 | D:10     | Bought a potion of brilliance for 56 gold pieces
 17712 | D:10     | Found a roughly hewn altar of Beogh.
 17917 | Orc:1    | Entered Level 1 of the Orcish Mines
 17997 | Orc:1    | Found a radiant altar of Vehumet.
 18349 | Orc:2    | Entered Level 2 of the Orcish Mines
 18349 | Orc:2    | Found Seikig's Jewellery Shoppe.
 18349 | Orc:2    | Found Dyuck's Antique Weapon Shop.
 18869 | Orc:2    | Found Elunoj's Antique Weapon Shop.
 18870 | Orc:2    | Found Zyev's Assorted Antiques.
 19111 | Orc:2    | Found a staircase to the Elven Halls.
 19982 | Orc:2    | Bought a bloodstained chain mail for 247 gold pieces
 19982 | Orc:2    | Identified the +0 chain mail of Hubris {Stlth+} (You bought
                  | it in a shop on level 2 of the Orcish Mines)
 20017 | D:10     | Learned a level 4 spell: Vhi's Electric Charge
 20058 | D:11     | Reached **** piety under Ashenzari
 21049 | D:12     | Found Leuw's Assorted Antiques.
 21055 | D:12     | Bought a pair of ichor-stained gloves for 237 gold pieces
 21055 | D:12     | Identified the +1 pair of gloves "Moghos" {rF- rN+ Str+4}
                  | (You bought it in a shop on level 12 of the Dungeon)
 21057 | D:12     | Bought a scroll of enchant weapon for 187 gold pieces
 21057 | D:12     | Bought a potion of heal wounds for 125 gold pieces
 21057 | D:12     | Bought 2 potions of curing for 150 gold pieces
 21088 | D:12     | Reached skill level 10 in Shapeshifting
 21162 | D:12     | Learned a level 6 spell: Bombard
 21208 | D:12     | Reached XP level 16. HP: 131/131 MP: 16/34
 23053 | D:14     | Found a transporter.
 23054 | D:14     | Identified the Almanac of the Ten Seas
 23064 | D:14     | Noticed Rupert
 23071 | D:14     | Killed Rupert
 23215 | D:14     | Found a transporter.
 23357 | D:14     | Identified the serpent talisman of Absolutism {Str+3 Int+3
                  | Dex-5 Slay+2}
 23749 | D:14     | Found a gate to the Vaults.
 24151 | D:14     | Learned a level 4 spell: Olgreb's Toxic Radiance
 24156 | D:14     | Learned a level 4 spell: Ignite Poison
 24170 | D:15     | Entered Level 15 of the Dungeon
 25137 | D:15     | Found a staircase to the Depths.
 25853 | Spider:1 | Entered Level 1 of the Spider Nest
 25868 | Spider:1 | Reached XP level 17. HP: 137/140 MP: 25/36
 26514 | Spider:1 | Reached skill level 10 in Conjurations
 26514 | Spider:1 | Reached skill level 10 in Hexes
 26514 | Spider:1 | Reached skill level 10 in Summonings
 26514 | Spider:1 | Reached skill level 10 in Necromancy
 26514 | Spider:1 | Reached skill level 10 in Translocations
 26514 | Spider:1 | Reached skill level 10 in Fire Magic
 26514 | Spider:1 | Reached skill level 10 in Air Magic
 26514 | Spider:1 | Reached skill level 10 in Earth Magic
 26514 | Spider:1 | Reached skill level 10 in Alchemy
 27372 | Spider:2 | Noticed Arachne
 27388 | Spider:2 | Killed Arachne
 29155 | Spider:4 | Entered Level 4 of the Spider Nest
 29557 | Spider:4 | Reached XP level 18. HP: 58/149 MP: 21/38
 30544 | Spider:4 | Noticed Bai Suzhen
 31367 | Spider:4 | Noticed Roxanne
 31412 | Spider:4 | Killed Bai Suzhen
 31796 | Spider:4 | Identified the scarf "Qagh" {+Inv, rC+ Str+2}
 31976 | Spider:4 | Got a gossamer rune of Zot
 32049 | Spider:4 | Learned a level 5 spell: Irradiate
 32076 | Spider:4 | Learned a level 4 spell: Airstrike
 32223 | Spider:4 | Killed Roxanne
 32297 | Spider:4 | Identified the cursed +0 pair of gloves "Prescient
                  | Visionary" {Elem, Fort} (You found it on level 6 of the
                  | Dungeon)
 32297 | Spider:4 | Identified the cursed +1 pair of boots of Ashenzari's
                  | Absolutism {Self, Comp} (You found it on level 10 of the
                  | Dungeon)
 32297 | Spider:4 | Identified the cursed +3 steam dragon scales of Ashenzari's
                  | Yoke {Melee, Dev} (You found it on level 6 of the Dungeon)
 32588 | Shoals:1 | Entered Level 1 of the Shoals
 33201 | Shoals:2 | Found a runed translucent door.
 33222 | Shoals:2 | Found a corrupted altar of Lugonu.
 33222 | Shoals:2 | Identified the +8 quarterstaff of the Harvest {heavy,
                  | Dex+2}
 33223 | Shoals:2 | Found a one-way gate to the infinite horrors of the Abyss.
 33426 | Shoals:2 | Found a runed translucent door.
 33426 | Shoals:2 | Noticed BubbleThief's ghost (adept NaAl)
 35120 | Shoals:3 | Reached XP level 19. HP: 157/157 MP: 25/39
 35181 | Shoals:3 | Found Jufeint's Distillery.
 35899 | Shoals:4 | Entered Level 4 of the Shoals
 36441 | Shoals:4 | Noticed Ilsuiw
 36450 | Shoals:4 | Killed Ilsuiw
 37093 | Shoals:4 | Identified the +1 war axe of Puakhla {protect, rF- Str+3
                  | Int+5}
 37435 | Shoals:4 | Got a barnacled rune of Zot
 38235 | Vaults:1 | Entered Level 1 of the Vaults
 38652 | Vaults:1 | Found a large runed translucent door.
 38653 | Vaults:1 | Found a large runed translucent door.
 38653 | Vaults:1 | Noticed Mipp's ghost (adept GnHW)
 38712 | Vaults:1 | Identified the +4 robe "Ithreha" {-Tele rElec Dex+4}
 38712 | Vaults:1 | Noticed Boris
 38981 | Vaults:1 | Killed Boris
 39449 | Vaults:1 | Reached skill level 15 in Invocations
 39684 | Vaults:1 | Reached XP level 20. HP: 143/166 MP: 12/41
 40176 | Vaults:1 | Identified the +0 pair of gloves of Davobuin {rC+ rN+ Str+3
                  | SInv}
 40946 | Vaults:2 | Found Beptioxu's Armour Emporium.
 41441 | Vaults:2 | Reached skill level 15 in Spellcasting
 42030 | Vaults:2 | Noticed Zenata
 42041 | Vaults:2 | Killed Zenata
 42042 | Vaults:2 | Reached skill level 15 in Dodging
 42389 | Vaults:2 | Identified the +2 robe "Elau" {+Inv rElec rPois Str-2}
 42389 | Vaults:2 | Noticed Boris
 42421 | Vaults:2 | Killed Boris
 42647 | Vaults:2 | Noticed Xtahua
 42667 | Vaults:2 | Killed Xtahua
 42668 | Vaults:2 | Reached skill level 15 in Stealth
 42812 | Vaults:2 | Found a staircase to the Crypt.
 44295 | Vaults:3 | Reached XP level 21. HP: 167/174 MP: 39/42
 44702 | Vaults:3 | Identified the cursed +0 helmet of the Fated Vision {Sorc,
                  | Fort} (You took it off Robin on level 2 of the Dungeon)
 44702 | Vaults:3 | Identified the cursed +0 kite shield "I Knew You'd Do That"
                  | {Cun, Bglg} (You found it on level 8 of the Dungeon)
 46690 | Vaults:4 | Found a transporter.
 46699 | Vaults:4 | Noticed an ancient lich
 46703 | Vaults:4 | Found a transporter.
 46703 | Vaults:4 | Identified the amulet of Xantuggo {Faith Will+}
 46707 | Vaults:4 | Identified the +1 hat "Yritag" {Fly rF+ rC+}
 46779 | Vaults:4 | Reached skill level 15 in Fighting
 46779 | Vaults:4 | Reached skill level 15 in Short Blades
 46779 | Vaults:4 | Reached skill level 15 in Long Blades
 46779 | Vaults:4 | Reached skill level 15 in Axes
 46779 | Vaults:4 | Reached skill level 15 in Maces & Flails
 46779 | Vaults:4 | Reached skill level 15 in Polearms
 46779 | Vaults:4 | Reached skill level 15 in Staves
 46779 | Vaults:4 | Reached skill level 15 in Ranged Weapons
 46779 | Vaults:4 | Reached skill level 15 in Throwing
 46779 | Vaults:4 | Reached skill level 15 in Armour
 46779 | Vaults:4 | Reached skill level 15 in Shields
 46779 | Vaults:4 | Reached skill level 15 in Unarmed Combat
 46779 | Vaults:4 | Reached skill level 15 in Evocations
 46917 | Vaults:4 | Noticed Margery
 46929 | Vaults:4 | Killed Margery
 46944 | Vaults:4 | Upgraded the game from 0.32-a0-928-g1cae6b7ea0 to
                  | 0.32-a0-931-g5a2cda0630
 47897 | Vaults:4 | Reached XP level 22. HP: 179/183 MP: 29/44
 48022 | Vaults:4 | Paralysed by a formless jellyfish for 1 turns
 48742 | Elf:1    | Entered Level 1 of the Elven Halls
 49318 | Elf:1    | Identified Ohalec's Guide on Adjuration
 49672 | Elf:1    | Identified the +3 ring mail of Sandy Happiness {rElec
                  | rPois}
 49674 | Elf:1    | Paralysed by an air elemental for 1 turns
 49918 | Elf:1    | Found a runed translucent gate.
 49918 | Elf:1    | Found a runed translucent gate.
 49918 | Elf:1    | Found a runed translucent gate.
 49918 | Elf:1    | Found a runed translucent gate.
 49918 | Elf:1    | Found a runed translucent gate.
 49923 | Elf:1    | Found a runed translucent gate.
 49972 | Elf:1    | Noticed Asterion
 49977 | Elf:1    | Gained mutation: Potions are less effective at restoring
                  | your health. [a cacodemon]
 49982 | Elf:1    | Killed Asterion
 50821 | Elf:2    | Reached skill level 15 in Ice Magic
 50850 | Elf:2    | HP: 9/184 [+2 vampiric glaive (15)]
 50855 | Elf:2    | HP: 6/184 [+2 vampiric glaive (14)]
 51519 | Elf:2    | Found a runed translucent gate.
 51520 | Elf:2    | Found a runed translucent gate.
 51520 | Elf:2    | Found a runed translucent gate.
 52168 | Elf:2    | Reached XP level 23. HP: 188/188 MP: 33/45
 52613 | Elf:3    | Entered Level 3 of the Elven Halls
 52730 | Elf:3    | Found Ylublesu's Antique Armour Shop.
 52886 | Elf:3    | Learned a level 7 spell: Ozocubu's Refrigeration
 53570 | Elf:3    | Identified the staff "Widowmaker" {^Drain rC+ Will+++ Int-4
                  | Dex+3 Ice}
 53635 | Elf:3    | Reached skill level 15 in Shapeshifting
 53657 | Elf:3    | Identified Qoegiwea's Directory of Firn
 53657 | Elf:3    | Identified the +4 dire flail "Puclaeh" {speed, Str+3}
 53684 | Elf:3    | Identified the ring of Acopn {*Corrode rN+ Str+4 Int+2}
 53686 | Elf:3    | Identified the ring "Carob" {Will+ MP+9 Int+2}
 53759 | Elf:3    | Identified the +6 mace of the Moon {protect, rElec Will+}
 53778 | Elf:3    | Identified the ring of Sif Muna, Flying {rElec rC+ Will-
                  | rCorr EV+5}
 54115 | D:9      | Learned a level 7 spell: Orb of Destruction
 54901 | Vaults:5 | Entered Level 5 of the Vaults
 55161 | Vaults:5 | Identified the +9 hand axe of the Inviting Badger {holy,
                  | Str+4}
 55161 | Vaults:5 | Identified the +1 robe "Qootzycs" {Dex+3}
 55225 | Vaults:5 | Identified Wuamap's Vademecum on Cold
 55388 | Vaults:5 | Identified the amulet "Bata" {Faith rN+ Dex+3}
 55389 | Vaults:5 | Identified the +11 spear of Mandamus {freeze, Fly Str+2
                  | Dex+2}
 55397 | Vaults:5 | Reached XP level 24. HP: 174/198 MP: 31/45
 55399 | Vaults:5 | Identified the +5 robe "Neczyub" {rPois rF++ Dex+6}
 55666 | Vaults:5 | Identified the ring of the Riding Gods {rN++ Will+ Int-3
                  | SInv Stlth+}
 55677 | Vaults:5 | Noticed an ancient lich
 55690 | Vaults:5 | Killed an ancient lich
 56001 | Vaults:5 | Noticed an ancient lich
 56014 | Vaults:5 | Killed an ancient lich
 56336 | Vaults:5 | Got a silver rune of Zot
 56344 | Vaults:5 | Acquired the Catalogue of the Cumulonimbus and the Salvo
 56623 | Vaults:5 | Identified the amulet of the Aged Knives {Faith rF- rC+
                  | Str+2 Int+2}
 56898 | Vaults:5 | Identified the staff of Radicalism {rC+ Dex+3 SInv Tloc
                  | Ice}
 57497 | Shoals:3 | Bought a potion of magic for 144 gold pieces
 57497 | Shoals:3 | Bought a potion of resistance for 180 gold pieces
 57497 | Shoals:3 | Bought a potion of brilliance for 72 gold pieces
 57497 | Shoals:3 | Bought 2 potions of haste for 360 gold pieces
 57497 | Shoals:3 | Bought a potion of cancellation for 144 gold pieces
 57497 | Shoals:3 | Bought a potion of ambrosia for 144 gold pieces
 57497 | Shoals:3 | Bought a potion of heal wounds for 90 gold pieces
 57497 | Shoals:3 | Bought a potion of ambrosia for 144 gold pieces
 57497 | Shoals:3 | Bought a potion of enlightenment for 90 gold pieces
 57497 | Shoals:3 | Bought a potion of curing for 54 gold pieces
 58052 | Depths:1 | Entered Level 1 of the Depths
 58284 | Depths:1 | Found Doni's Assorted Antiques.
 58324 | Depths:1 | Found an ornate altar of the Wu Jian Council.
 59126 | Depths:1 | Identified the +1 demon blade of Lenu {heavy, rN+ Str+3}
 59250 | Depths:1 | Found a gateway to Hell.
 59825 | Depths:2 | Found a one-way gate leading to the halls of Pandemonium.
 59867 | Depths:2 | Found a basalt altar of Yredelemnul.
 59872 | Depths:2 | Found an opulent altar of Gozag.
 59934 | Depths:2 | Found a sacrificial altar of Ru.
 60114 | Depths:2 | Noticed a caustic shrike
 60156 | Depths:2 | Killed a caustic shrike
 60259 | Depths:2 | Reached XP level 25. HP: 206/206 MP: 43/46
 60505 | Depths:2 | Identified the staff "Iluishro" {rPois rN+ Int+2 Hexes
                  | Alchemy}
 60694 | Depths:2 | Identified the +8 longbow of Destiny {flame, rC- rN+ Dex+3}
 60698 | Depths:2 | Identified the staff "Leih" {rElec Str+4 Air}
 60723 | Depths:2 | Identified the +8 halberd of Qazlal's Vengeance {heavy,
                  | Int+4 SInv}
 63104 | Depths:3 | Reached skill level 15 in Conjurations
 63104 | Depths:3 | Reached skill level 15 in Hexes
 63104 | Depths:3 | Reached skill level 15 in Summonings
 63104 | Depths:3 | Reached skill level 15 in Necromancy
 63104 | Depths:3 | Reached skill level 15 in Translocations
 63104 | Depths:3 | Reached skill level 15 in Fire Magic
 63104 | Depths:3 | Reached skill level 15 in Air Magic
 63104 | Depths:3 | Reached skill level 15 in Earth Magic
 63104 | Depths:3 | Reached skill level 15 in Alchemy
 63263 | Depths:3 | Found a one-way gateway to a ziggurat.
 63306 | Depths:3 | Identified the +7 trident "Iroit" {chaos, ^Drain rF++}
 63322 | Depths:3 | Noticed a juggernaut
 63338 | Depths:3 | Killed a juggernaut
 64395 | Depths:4 | Entered Level 4 of the Depths
 64445 | Depths:4 | Found a large runed translucent door.
 64446 | Depths:4 | Found a large runed translucent door.
 64510 | Depths:4 | Noticed a juggernaut
 64719 | Depths:4 | Noticed Sojobo
 64727 | Depths:4 | Paralysed by an air elemental for 1 turns
 64728 | Depths:4 | Killed Sojobo
 64854 | Depths:4 | Found a gate to the Realm of Zot.
 64914 | Depths:4 | Reached XP level 26. HP: 216/216 MP: 35/47
 65709 | Depths:4 | Noticed Vegox's ghost (adept MiHs)
 66053 | Slime:1  | Entered Level 1 of the Pits of Slime
 66957 | Slime:2  | Gained mutation: You are weak. (Str -2) [a shining eye]
 66959 | Slime:2  | Gained mutation: You occasionally lose the ability to drink
                  | potions when taking damage. [a shining eye]
 68469 | Shoals:3 | Lost mutation: You are weak. (Str -2) [potion of mutation]
 68469 | Shoals:3 | Lost mutation: You occasionally lose the ability to drink
                  | potions when taking damage. [potion of mutation]
 68469 | Shoals:3 | Lost mutation: Potions are less effective at restoring your
                  | health. [potion of mutation]
 68469 | Shoals:3 | Gained mutation: Your body sometimes deteriorates upon
                  | taking damage. [potion of mutation]
 68469 | Shoals:3 | Gained mutation: You have an increased reservoir of magic.
                  | (+10% MP) [potion of mutation]
 68598 | D:9      | Lost mutation: Your body sometimes deteriorates upon taking
                  | damage. [potion of mutation]
 68598 | D:9      | Lost mutation: You have an increased reservoir of magic.
                  | (+10% MP) [potion of mutation]
 68598 | D:9      | Gained mutation: You have a somewhat thin skeletal
                  | structure. (Dex +2, Stealth+) [potion of mutation]
 68598 | D:9      | Gained mutation: You sometimes lose your temper in combat.
                  | [potion of mutation]
 68787 | Slime:5  | Entered Level 5 of the Pits of Slime
 68787 | Slime:5  | Found the +8 demon blade "Leech" {evervamp, Harm ^Drain
                  | rN+}
 68787 | Slime:5  | Identified the +3 rapier "Xohiluol" {distort, ^Contam rPois
                  | rF+ rN+}
 68787 | Slime:5  | Identified the ring of Ciex {Ice Str+6 Slay+3}
 68787 | Slime:5  | Identified the amulet of Joetta {Reflect rC+ SH+5}
 69066 | Slime:5  | Gained mutation: Your magical capacity is low. (-10% MP) [a
                  | shining eye]
 69191 | Slime:5  | Noticed the Royal Jelly
 69417 | Slime:5  | Found a viscous altar of Jiyva.
 69654 | Slime:5  | Killed the Royal Jelly
 69893 | Slime:5  | Identified the +2 sling of Equilibrium {heavy, rElec rF+
                  | Str-3 Dex+3 Stlth+}
 69918 | Slime:5  | Learned a level 6 spell: Permafrost Eruption
 69924 | Slime:5  | Got a slimy rune of Zot
 69963 | Slime:5  | Found the +2 hood of the Assassin {Detect Stab+ Stlth++}
 70011 | Slime:5  | Identified the +3 leather armour of Fipug {rC+ Str+4}
 70591 | Crypt:1  | Entered Level 1 of the Crypt
 70811 | Crypt:1  | Identified the +2 robe "Koraili" {rElec}
 70811 | Crypt:1  | Noticed Boris
 70821 | Crypt:1  | Killed Boris
 71476 | Crypt:2  | Identified the +1 leather armour "Xyduwyd" {rF+ rCorr
                  | Int+4}
 71503 | Crypt:2  | Found a large runed translucent door.
 71504 | Crypt:2  | Found a large runed translucent door.
 71506 | Crypt:2  | Noticed Heqikakk's ghost (veteran KoBr)
 71553 | Crypt:2  | Identified the ring of Disaster {Ice rCorr Str+3 Int+3
                  | Dex+4}
 71553 | Crypt:2  | Noticed Josephina
 71587 | Crypt:2  | Killed Josephina
 71678 | Crypt:2  | Identified the +11 falchion of Gravity {vamp, rElec rF- rC+
                  | Dex+6}
 71948 | Crypt:2  | Noticed Donald
 71950 | Crypt:2  | Killed Donald
 72115 | Crypt:2  | Killed Heqikakk's ghost
 72163 | Crypt:2  | Learned a level 3 spell: Dazzling Flash
 72185 | Crypt:3  | Entered Level 3 of the Crypt
 72352 | Crypt:3  | Reached XP level 27. HP: 224/224 MP: 43/43
 72742 | Crypt:3  | Identified the +1 hand axe of the Abyss {freeze, rF+ Str+4}
 73511 | Crypt:3  | Found a staircase to the Tomb.
 73515 | Crypt:3  | Noticed an ancient lich
 73519 | Crypt:3  | Killed an ancient lich
 73530 | Crypt:3  | Identified the Compendium of Impulse
 73531 | Crypt:3  | Noticed a dread lich
 73536 | Crypt:3  | Killed a dread lich
 73654 | Crypt:3  | Identified the +3 robe of the Kappa {rPois Regen+ MP+9
                  | Str+3}
 73654 | Crypt:3  | Noticed Boris
 73667 | Crypt:3  | Killed Boris
 74368 | D:9      | Learned a level 3 spell: Passwall
 75538 | Hell     | Entered the Vestibule of Hell
 75538 | Hell     | Noticed Geryon
 75557 | Hell     | Noticed Murray
 75792 | Depths:2 | Killed Murray
 77897 | Hell     | Killed Geryon
 78014 | Hell     | Found a gateway to the Iron City of Dis.
 78091 | Hell     | Found a gateway to the ashen valley of Gehenna.
 78244 | Hell     | Found a gateway to the decaying netherworld of Tartarus.
 78347 | Hell     | Found a gateway to the freezing wastes of Cocytus.
 78566 | Depths:3 | Voluntarily entered the Abyss.
 78797 | Abyss:3  | Found a corrupted altar of Lugonu.
 78820 | Abyss:3  | Found a corrupted altar of Lugonu.
 79280 | Abyss:4  | Got an abyssal rune of Zot
 79313 | Depths:3 | Escaped the Abyss
 79369 | Zot:1    | Entered Level 1 of the Realm of Zot
 79496 | Depths:4 | Killed Vegox's ghost
 80847 | Zot:2    | Noticed an orb of fire
 80853 | Zot:1    | Gained mutation: Potions are less effective at restoring
                  | your health. [an orb of fire]
 80861 | Zot:1    | Killed an orb of fire
 81354 | Zot:2    | Identified the +1 robe of Pylehus {Str+4 Stlth+}
 81606 | Zot:3    | Noticed an orb of fire
 81611 | Zot:3    | Gained mutation: Your spells are a little easier to cast,
                  | but a little less powerful. [an orb of fire]
 81614 | Zot:3    | Gained mutation: You occasionally lose the ability to drink
                  | potions when taking damage. [an orb of fire]
 81616 | Zot:3    | Gained mutation: You are weak. (Str -2) [an orb of fire]
 81618 | Zot:3    | Killed an orb of fire
 81852 | Zot:3    | Identified the +8 scimitar of Zaitebuh {freeze, *Corrode
                  | Str+6 Dex+5}
 81860 | Zot:3    | Noticed an orb of fire
 81863 | Zot:3    | Noticed an orb of fire
 81871 | Zot:3    | Lost mutation: Your magical capacity is low. (-10% MP) [an
                  | orb of fire]
 81871 | Zot:3    | Gained mutation: You occasionally lose the ability to read
                  | scrolls when taking damage. [an orb of fire]
 81871 | Zot:3    | Gained mutation: You are very weak. (Str -4) [an orb of
                  | fire]
 81872 | Zot:3    | Killed an orb of fire
 81875 | Zot:3    | Lost mutation: Potions are less effective at restoring your
                  | health. [an orb of fire]
 81876 | Zot:3    | Gained mutation: Your body sometimes deteriorates upon
                  | taking damage. [an orb of fire]
 81881 | Zot:3    | Gained mutation: You sometimes lose the ability to read
                  | scrolls when taking damage. [an orb of fire]
 81886 | Zot:3    | Gained mutation: You are dopey. (Int -2) [an orb of fire]
 81887 | Zot:3    | Killed an orb of fire
 82275 | Zot:3    | Identified the +2 ring mail "Cablit" {Dex+3}
 82741 | Zot:4    | Lost mutation: Your spells are a little easier to cast, but
                  | a little less powerful. [potion of mutation]
 82741 | Zot:4    | Lost mutation: You are very weak. (Str -4) [potion of
                  | mutation]
 82741 | Zot:4    | Lost mutation: You sometimes lose your temper in combat.
                  | [potion of mutation]
 82741 | Zot:4    | Gained mutation: You are frail. (-10% HP) [potion of
                  | mutation]
 82741 | Zot:4    | Gained mutation: You do not regenerate when monsters are
                  | visible. [potion of mutation]
 82741 | Zot:4    | Gained mutation: Your system is resistant to poisons.
                  | (rPois) [potion of mutation]
 83235 | D:9      | Lost mutation: You occasionally lose the ability to drink
                  | potions when taking damage. [potion of mutation]
 83235 | D:9      | Lost mutation: You are weak. (Str -2) [potion of mutation]
 83235 | D:9      | Lost mutation: You are frail. (-10% HP) [potion of
                  | mutation]
 83235 | D:9      | Gained mutation: You are very dopey. (Int -4) [potion of
                  | mutation]
 83235 | D:9      | Lost mutation: You are very dopey. (Int -4) [potion of
                  | mutation]
 83235 | D:9      | Gained mutation: You are partially covered in iridescent
                  | scales. (AC +2) [potion of mutation]
 83787 | Zot:4    | Identified the +5 whip of Ywnemm {venom, rN++ Int-3 Dex+5}
 83954 | Zot:4    | Upgraded the game from 0.32-a0-931-g5a2cda0630 to
                  | 0.32-a0-933-ga8fa3634e4
 84080 | Zot:4    | Lost mutation: You sometimes lose the ability to read
                  | scrolls when taking damage. [potion of mutation]
 84080 | Zot:4    | Lost mutation: You occasionally lose the ability to read
                  | scrolls when taking damage. [potion of mutation]
 84080 | Zot:4    | Lost mutation: You have a somewhat thin skeletal structure.
                  | (Dex +2, Stealth+) [potion of mutation]
 84080 | Zot:4    | Gained mutation: You have large cloven feet. [potion of
                  | mutation]
 84080 | Zot:4    | Gained mutation: You have hidden genetic potential. [potion
                  | of mutation]
 84451 | Zot:5    | Entered Level 5 of the Realm of Zot
 85025 | Zot:5    | Noticed an orb of fire
 85028 | Zot:5    | Gained mutation: You occasionally lose the ability to drink
                  | potions when taking damage. [an orb of fire]
 85032 | Zot:5    | Gained mutation: You sometimes lose the ability to drink
                  | potions when taking damage. [an orb of fire]
 85032 | Zot:5    | Noticed an orb of fire
 85033 | Zot:5    | Gained mutation: You are occasionally teleported next to
                  | monsters. [an orb of fire]
 85037 | Zot:5    | Noticed a dread lich
 85038 | Zot:5    | Noticed an orb of fire
 85553 | Zot:5    | Gained mutation: You are frail. (-10% HP) [an orb of fire]
 85562 | Zot:5    | Gained mutation: You occasionally shout uncontrollably at
                  | your foes. [an orb of fire]
 85565 | Zot:5    | Killed from afar by an orb of fire

Illustrated notes

Levels and vault maps discovered:
D:1:      dpeg_arrival_ratfight, layout_rooms,
          shapermc_ecumenical_altar_mp_vishouse, minmay_tiny_reverse_x
D:2:      layout_loops_corners, uniq_robin, uniq_crazy_yiuf_cottage
D:3:      layout_basic, grunt_gozag_statues, uniq_ijyb
D:4:      layout_loops_ring, uniq_grinder, uniq_edmund
D:5:      layout_basic, yredelemnul_forgotten_temple_becter, chequers_arboretum,
          uniq_pikel
D:6:      layout_rooms, nicolae_elyvilon_peaceful_grove,
          minmay_temple_entry_trees, ebering_ghost_gozag, minmay_starry_boxes,
          uniq_menkaure
D:7:      layout_loops_corners, okawaru_altar_gauntlet_db, lemuel_doored_altar,
          gammafunk_ghost_wrathful_warriors, hangedman_misty_isle, uniq_jeremiah
D:8:      layout_basic, lightli_bailey_entry_fortress, hex_tiny, uniq_joseph,
          uniq_erica, uniq_psyche, uniq_grum
D:9:      layout_cave_pools, mainiacjoe_overflow_catwalk,
          minmay_lair_entry_lava, serial_rivers, chequers_serial_rivers_micro_d,
          chequers_serial_rivers_micro_d, chequers_serial_rivers_micro_c,
          chequers_serial_rivers_micro_c, chequers_serial_rivers_room_a,
          chequers_serial_rivers_large_a, serial_shops, shop,
          chequers_serial_rivers_micro_b, kennysheep_small_spiral,
          lightli_orcish_oven, uniq_amaemon
D:10:     layout_rooms, jmf_multi_god_temple, minmay_orc_entry_temple_small,
          serial_shops, nicolae_shop_back_alley_shop, uniq_sonja
D:11:     layout_irregular_city, st_stairs_13
D:12:     layout_stronghold, serial_shops, shop, nicolae_benzene_ring,
          kb_rosetta
D:13:     hangedman_surveillance_ring, layout_loops_ring
D:14:     gammafunk_cloud_chamber, layout_basic, hellmonk_vaults_keyhole,
          dreamdust_princess_bridge, uniq_rupert
D:15:     grunt_enter_depths_magical_seal, layout_basic, minmay_misc_feat_tiny
Temple:   minmay_temple_curvy_branch
Lair:1:   layout_cave_pods, serial_bayou_pond_d
Lair:2:   layout_long_grid
Lair:3:   layout_chaotic_city, nicolae_shoals_entry_roost,
          hellmonk_spider_entry_life_and_decay, infiniplex_staircase_pool_2
Lair:4:   layout_cave_pods, dpeg_slime_entry_corner
Lair:5:   hangedman_lair_in_review, layout_long_grid, wormcave
Shoals:1: layout_shoals
Shoals:2: layout_shoals, hellmonk_ghost_happy_afterlife,
          nicolae_shoals_square_sea_wall, nicolae_shoals_abyss_on_the_beach
Shoals:3: layout_shoals, nicolae_take_the_stairs
Shoals:4: shoals_end_grunt_ice, layout_shoals, shoals_ilsuiw_ice
Spider:1: layout_spider_delve
Spider:2: nicolae_spider_mines_1, drop_trap, uniq_arachne
Spider:3: layout_spider_delve, nicolae_crawler_farm
Spider:4: grunt_spider_rune_circles, uniq_bai_suzhen, uniq_roxanne
Slime:1:  layout_caves
Slime:2:  layout_caves, cheibrodos_slime_lost_civilization_5
Slime:3:  layout_caves
Slime:4:  layout_caves, nicolae_slime_rock_hall_of_fame
Slime:5:  slime_pit_nicolae_jellycorners
Orc:1:    layout_diamond_mine, basic_altar
Orc:2:    st_orc_open, layout_caves
Elf:1:    minmay_elf_arrival_circle, layout_geoelf_grid, minmay_elf_demonology,
          orc_legates, grunt_megastairs_4, uniq_asterion
Elf:2:    nicolae_elf_blades_crystal_corner, layout_rooms,
          nicolae_elf_crossing_hall
Elf:3:    minmay_elf_hall, layout_loops_cross, serial_shops, nicolae_shop_trees,
          due_unseen_surprise
Vaults:1: advil_vaults_ghost_guards, st_quartered_hall, v_alt_pattern_2,
          nicolae_vaults_house_2, vaults_room_fours, vaults_mumra_minichess,
          nicolae_vaults_frosty_reception, hangedman_vaults_locks, v_misc_23,
          nicolae_vaults_yaktaur_gun_rack, nicolae_vaults_apartment_1,
          nicolae_vaults_house_1, layout_vaults_omnicross, uniq_boris
Vaults:2: nicolae_vaults_hexular_roomagon, vaults_room_semicircle,
          nicolae_vaults_triangles, minmay_crypt_entry_simple_corners,
          v_misc_19, nicolae_vaults_cornered_office, nicolae_vaults_trapezoid_2,
          nicolae_vaults_offset_grid_hallway_1, v_rooms_1, v_misc_10, v_misc_10,
          nicolae_vaults_house_1, vaults_room_large_hall,
          nicolae_vaults_diagonal_hallway_7, layout_vaults_ring, serial_shops,
          shop, uniq_zenata, uniq_xtahua
Vaults:3: nicolae_vaults_twisting_passages, ontoclasm_vaults_eye,
          nicolae_vaults_weapon_check, vaults_room_grunt_arrival_ludios,
          vaults_dpeg_hooks, nicolae_vaults_storage_closets_2, v_misc_24,
          nicolae_vaults_six-pack, grunt_vaults_diagonal,
          nicolae_vaults_rhombus_5, v_misc_23, vaults_room_semicircle,
          layout_vaults_chaotic_city
Vaults:4: nicolae_vaults_shrinking_rooms_1, nicolae_vaults_trapezoid_3,
          v_misc_33, nicolae_vaults_trapezoid_lopsided_2,
          gammafunk_sealed_arena, nicolae_vaults_cochlea, v_misc_28,
          hangedman_vaults_unwind, vaults_room_pool,
          nicolae_vaults_surprise_closet, nicolae_vaults_closet_pinwheel_2,
          nicolae_vaults_little_squares_2, nicolae_vaults_trapezoid_4,
          v_misc_19, layout_vaults_maze, uniq_margery
Vaults:5
Crypt:1:  layout_gridlike, serial_library_hellmonk_hallway_b
Crypt:2:  layout_gridlike, ebering_ghost_disaster_area, grunt_megastairs_1,
          uniq_donald, uniq_josephina
Crypt:3:  quadcrypt_mu
Depths:1: layout_honeycomb, hellmouth_1, grunt_ministairs_14,
          minmay_fountain_box, minivault_16, nicolae_wu_jian_wuxing_cycle,
          minmay_shop_star
Depths:2: hangedman_slaughterboxes, pan_entry, hell_entry
Depths:3: nzn_winding_woodlands_three_and_one
          [nzn_winding_woodlands_5x15_zeroes, nzn_winding_woodlands_5x15_eye,
          nzn_winding_woodlands_5x15_longhouse,
          nzn_winding_woodlands_center_diamonds], layout_cave_shapes,
          enter_ziggurat_e, hell_entry, grunt_decor_one_mirror,
          rand_demon_pan_entry_1, nicolae_abyss_entry_one_way_or_another
Depths:4: evilmike_zot_entry_argh, layout_basic, rand_demon_pan_entry_5,
          pf_coc_iceberg, ebering_ghost_disaster_area,
          hangedman_decor_slide_cut, uniq_sojobo
Hell
Zot:1:    layout_onion_interference, bh_zot_lava_cross
Zot:2:    layout_misc_corridors, grunt_megastairs_2
Zot:3:    layout_misc_corridors, nzn_random_ring
Zot:4:    kennysheep_blocky_room, layout_onion, regret_index_zotdec_obsidian_hm,
          hangedman_hellfire_club, uniq_grunn
Zot:5:    layout_misc_corridors

Skill      XL: |  1  2  3  4  5  6  7  8  9 10 11 12 13 14 15 16 17 18 19 20 21 22 23 24 25 26 27 |
---------------+----------------------------------------------------------------------------------+-----
Spellcasting   | 5 6 7 8 9 10 11 12 13 14 15 16 17 18 19 20 | 20.5
Invocations    | 1 2 3 4 5 6 7 8 9 10 11 12 13 14 15 16 17 18 19 20 21 | 21.6
Fighting       | 1 2 3 4 5 6 7 8 9 10 11 12 13 14 15 16 17 18 20 | 20.0
Short Blades   | 1 2 3 4 5 6 7 8 9 10 11 12 13 14 15 16 17 18 20 | 20.0
Long Blades    | 1 2 3 4 5 6 7 8 9 10 11 12 13 14 15 16 17 18 20 | 20.0
Axes           | 1 2 3 4 5 6 7 8 9 10 11 12 13 14 15 16 17 18 20 | 20.0
Maces & Flails | 1 2 3 4 5 6 7 8 9 10 11 12 13 14 15 16 17 18 21 | 21.3
Polearms       | 1 2 3 4 5 6 7 8 9 10 11 12 13 14 15 16 17 18 20 | 20.0
Staves         | 1 2 3 4 5 6 7 8 9 10 11 12 13 14 15 16 17 18 20 22 | 22.6
Ranged Weapons | 1 2 3 4 5 6 7 8 9 10 11 12 13 14 15 16 17 18 20 22 | 22.6
Throwing       | 1 2 3 4 5 6 7 8 9 10 11 12 13 14 15 16 17 18 20 | 20.0
Armour         | 1 2 3 4 5 6 7 8 9 10 11 12 13 14 15 16 17 18 20 | 20.0
Shields        | 1 2 3 4 5 6 7 8 9 10 11 12 13 14 15 16 17 18 20 | 20.0
Unarmed Combat | 1 2 3 4 5 6 7 8 9 10 11 12 13 14 15 16 17 18 20 | 20.0
Evocations     | 1 2 3 4 5 6 7 8 9 10 11 12 13 14 15 16 17 18 20 | 20.0
Shapeshifting  | 1 2 3 4 5 6 7 8 9 10 11 12 13 14 15 16 17 18 | 18.5
Conjurations   | 1 2 3 4 5 6 7 8 9 10 11 12 13 14 15 17 | 17.1
Hexes          | 1 2 3 4 5 6 7 8 9 10 11 12 13 14 15 17 | 17.1
Summonings     | 1 2 3 4 5 6 7 8 9 10 11 12 13 14 15 17 | 17.1
Necromancy     | 1 2 3 4 5 6 7 8 9 10 11 12 13 14 15 17 | 17.1
Translocations | 1 2 3 4 5 6 7 8 9 10 11 12 13 14 15 17 | 17.1
Fire Magic     | 1 2 3 4 5 6 7 8 9 10 11 12 13 14 15 17 | 17.1
Air Magic      | 1 2 3 4 5 6 7 8 9 10 11 12 13 14 15 17 | 17.1
Earth Magic    | 1 2 3 4 5 6 7 8 9 10 11 12 13 14 15 17 | 17.1
Alchemy        | 1 2 3 4 5 6 7 8 9 10 11 12 13 14 15 17 | 17.1
Dodging        | 5 6 7 8 9 10 11 12 13 14 15 16 17 18 19 20 | 20.4
Stealth        | 5 6 7 8 9 10 11 12 13 14 15 16 17 18 19 20 | 20.4
Ice Magic      | 8 9 10 11 12 13 14 15 16 17 18 | 18.3

Action                     |  1- 3 |  4- 6 |  7- 9 | 10-12 | 13-15 | 16-18 | 19-21 | 22-24 | 25-27 || total
---------------------------+-------+-------+-------+-------+-------+-------+-------+-------+-------++-------
  Melee: Club              |    20 |       |       |       |       |       |       |       |       ||    20
         Mace              |    17 |    85 |    21 |       |       |       |       |       |       ||   123
         Bite              |     1 |     6 |    26 |    12 |    71 |    94 |   112 |   113 |   396 ||   831
         Flail             |       |       |    59 |       |       |       |       |       |       ||    59
         Long sword        |       |       |   115 |    95 |       |       |       |       |       ||   210
         Broad axe         |       |       |       |    80 |   415 |   568 |   522 |   645 |  1842 ||  4072
         Scimitar          |       |       |       |       |     9 |       |       |       |       ||     9
         Unarmed           |       |       |       |       |       |       |     2 |       |    18 ||    20
         Kick              |       |       |       |       |       |       |       |       |    71 ||    71
         Dagger            |       |       |       |       |       |       |       |       |     2 ||     2
  Throw: Boomerang         |       |       |       |     2 |       |       |       |       |       ||     2
         Javelin           |       |       |       |       |       |       |     7 |       |     6 ||    13
   Cast: Freeze            |    31 |    18 |    17 |     2 |       |       |       |       |       ||    68
         Ozocubu's Armour  |     2 |     5 |    12 |    32 |    46 |    32 |    45 |    94 |   151 ||   419
         Frozen Ramparts   |     1 |     7 |    13 |    25 |    34 |    26 |     6 |     2 |       ||   114
         Summon Ice Beast  |       |     2 |     4 |     3 |     3 |     1 |     1 |       |       ||    14
         Foxfire           |       |       |    13 |    39 |    13 |    11 |       |     1 |       ||    77
         Freezing Cloud    |       |       |       |    72 |   225 |   231 |   236 |   199 |   243 ||  1206
         Mephitic Cloud    |       |       |       |       |    12 |    21 |    10 |     5 |     2 ||    50
         Vhi's Electric Ch |       |       |       |       |     4 |    66 |    14 |     5 |     8 ||    97
         Bombard           |       |       |       |       |     2 |    46 |     7 |    11 |       ||    66
         Olgreb's Toxic Ra |       |       |       |       |       |    94 |   184 |    76 |    25 ||   379
         Ignite Poison     |       |       |       |       |       |    25 |    39 |    28 |     7 ||    99
         Airstrike         |       |       |       |       |       |    68 |    77 |    18 |    86 ||   249
         Irradiate         |       |       |       |       |       |       |    20 |    13 |    62 ||    95
         Orb of Destructio |       |       |       |       |       |       |       |    30 |    54 ||    84
         Ozocubu's Refrige |       |       |       |       |       |       |       |     6 |     1 ||     7
         Dazzling Flash    |       |       |       |       |       |       |       |       |    25 ||    25
         Permafrost Erupti |       |       |       |       |       |       |       |       |    20 ||    20
         Passwall          |       |       |       |       |       |       |       |       |     1 ||     1
 Invoke: Curse Item        |       |       |     1 |     2 |     5 |       |     1 |       |     2 ||    11
         Shatter the Chain |       |       |       |     1 |       |       |     1 |       |     2 ||     4
  Evoke: Wand              |       |       |       |     5 |       |    10 |     2 |       |     4 ||    21
         Condenser vane    |       |       |       |       |       |     1 |       |       |       ||     1
         Box of beasts     |       |       |       |       |       |     1 |     1 |     1 |       ||     3
         Phantom mirror    |       |       |       |       |       |       |     1 |     1 |     1 ||     3
    Use: Potion            |       |     2 |       |     5 |     1 |     7 |     8 |    20 |    11 ||    54
         Scroll            |       |     3 |       |    11 |     4 |    10 |     5 |    15 |    21 ||    69
   Stab: Sleeping          |     4 |     9 |    11 |     8 |     2 |     2 |     1 |    14 |    62 ||   113
         Distracted        |       |       |       |     1 |     1 |     1 |       |     5 |    10 ||    18
         Confused          |       |       |       |       |    19 |     4 |     5 |       |     1 ||    29
         Petrified         |       |       |       |       |       |     1 |       |       |     1 ||     2
         Invisible         |       |       |       |       |       |     3 |       |       |    18 ||    21
         Petrifying        |       |       |       |       |       |       |       |       |     1 ||     1
 Armour: Robe              |    43 |    56 |    75 |       |       |       |       |       |       ||   174
         Steam dragon scal |       |       |    23 |   132 |   323 |   537 |   324 |    97 |       ||  1436
         Skin              |       |       |       |       |       |       |     4 |   580 |  1994 ||  2578
  Dodge: Dodged            |    45 |    72 |   199 |   147 |   332 |   510 |   378 |   605 |  2519 ||  4807
  Block: Kite shield       |       |       |       |    68 |   366 |   615 |   433 |   680 |  2927 ||  5089
         Reflection        |       |       |       |       |       |       |       |       |    31 ||    31
   Form: Statue            |       |       |       |       |       |     7 |     2 |     6 |     2 ||    17
                           |       |       |       |       |       |     7 |     2 |     5 |     2 ||    16

Table legend: (Time is in decaauts)
 A = Elapsed time spent in this place.
 B = Non-inter-level travel time spent in this place.
 C = Inter-level travel time spent in this place.
 D = Time resting spent in this place.
 E = Time spent auto-exploring this place.
 F = Levels seen in this place.
 G = Mean time per level.
                   A        B        C        D        E       F      G
               +--------+--------+--------+--------+--------+-----+--------+
         Total | 103079 |  88024 |  15055 |   3975 |  63767 |  62 | 1662.6 |
       Dungeon |  20619 |  15810 |   4809 |    515 |  12090 |  15 | 1374.6 |
        Temple |     45 |      1 |     44 |      0 |      0 |   1 |   45.0 |
          Lair |   9042 |   7618 |   1424 |    704 |   5760 |   5 | 1808.4 |
        Shoals |   6214 |   5547 |    667 |      0 |   4576 |   4 | 1553.5 |
   Spider Nest |   6247 |   6095 |    152 |    278 |   4517 |   4 | 1561.8 |
    Slime Pits |   5699 |   5158 |    541 |    225 |   3743 |   5 | 1139.8 |
  Orcish Mines |   2873 |   1926 |    947 |     51 |   1486 |   2 | 1436.5 |
   Elven Halls |   7661 |   6267 |   1394 |    156 |   4267 |   3 | 2553.7 |
        Vaults |  13886 |  12261 |   1625 |    982 |   8387 |   5 | 2777.2 |
         Crypt |   6170 |   5070 |   1100 |    166 |   3514 |   3 | 2056.7 |
        Depths |  14161 |  12394 |   1767 |    192 |   9704 |   4 | 3540.2 |
          Hell |   1036 |   1008 |     28 |     39 |    550 |   1 | 1036.0 |
           Zot |   7496 |   6943 |    553 |    436 |   4470 |   5 | 1499.2 |
         Abyss |   1067 |   1067 |      0 |      0 |    370 |   4 |  266.8 |
        Bailey |    855 |    855 |      0 |    231 |    329 |   1 |  855.0 |
               +--------+--------+--------+--------+--------+-----+--------+

Top non-repeatable levels by time:
Depths:2: 6551 daAuts
 Crypt:3: 3447 daAuts
Vaults:3: 3254 daAuts
    D:14: 3250 daAuts
   Elf:2: 3060 daAuts
Vaults:2: 3035 daAuts
Depths:4: 2897 daAuts
Vaults:5: 2830 daAuts
   Elf:3: 2776 daAuts
Spider:4: 2578 daAuts
Vaults:4: 2523 daAuts
  Lair:5: 2496 daAuts
Depths:1: 2470 daAuts
  Lair:3: 2448 daAuts
Vaults:1: 2243 daAuts
